Map: Ciudad Esmeralda EE

Players

KenM

  • Race: Terran Terran
  • League: Platinum
  • Spawn Location: 5:00

Febreezey

  • Race: Protoss Protoss
  • Spawn Location: 5:00

MrFercho

  • Race: Zerg Zerg
  • League: Silver
  • Spawn Location: 11:00

tigro

  • Race: Terran Terran
  • League: Bronze
  • Spawn Location: 11:00

VOD

Have the link to the VOD?

Description

Time

  • Played on: July 13, 2020, 9:08 p.m.
  • Length: 16:37
Show
View Real Time Build Order
Export as new Build Order

KenM Terran 

Build Orders: Mech 

Get SALT Encoding   

  12  0:01  SCV  
  13  0:13  SCV  
  14  0:21  Supply Depot  
  14  0:25  SCV  
  15  0:42  SCV  
  16  0:45  Barracks  
  16  0:53  Refinery  
  16  0:54  SCV  
  17  1:06  SCV  
  18  1:28  SCV  
  19  1:40  Marine  
  19  1:42  Command Center  
  20  1:50  Orbital Command  
  20  2:04  Marine  
  21  2:23  Marine  
  22  2:33  SCV  
  22  2:34  Command Center, Refinery  
  23  2:53  Marine, SCV  
  23  2:57  Orbital Command  
  25  3:05  SCV  
  26  3:14  Factory  
  26  3:18  Orbital Command  
  26  3:27  Bunker  
  26  3:30  Barracks Reactor  
  26  3:38  SCV  
  27  3:44  Engineering Bay  
  27  3:50  SCV  
  28  3:57  SCV  
  28  4:02  SCV  
  30  4:09  SCV  
  31  4:14  SCV  
  32  4:17  Hellion x2  
  32  4:21  SCV  
  37  4:36  Armory  
  37  4:38  Refinery x2  
  37  4:39  Armory, SCV  
  37  4:40  SCV  
  41  4:45  Hellion  
  41  4:46  Hellion  
  43  4:54  SCV x2  
  43  4:58  Planetary Fortress  
  46  5:07  SCV x2  
  47  5:22  Factory  
  47  5:25  Factory  
  47  5:28  Factory x2  
  47  5:31  SCV x2  
  47  5:34  SCV  
  50  5:46  SCV, Terran Vehicle Weapons Level 1  
  50  5:48  Terran Vehicle And Ship Armor Level 1  
  51  5:58  SCV x2  
  51  5:59  Supply Depot  
  53  6:06  Supply Depot  
  53  6:13  Factory Tech Lab x3  
  53  6:21  SCV  
  54  6:27  Supply Depot  
  54  6:29  Supply Depot  
  54  6:31  Thor  
  60  6:33  Thor, SCV  
  67  6:44  SCV x2  
  69  6:48  Thor  
  69  6:49  SCV  
  69  6:51  Refinery  
  69  6:53  Refinery  
  76  7:00  SCV x2  
  76  7:01  SCV  
  79  7:13  SCV  
  79  7:14  Supply Depot  
  79  7:15  Supply Depot  
  80  7:25  SCV  
  80  7:29  Hellion  
  85  7:30  Hellion  
  85  7:36  Thor x2, Siege Tank  
  94  7:37  SCV  
  94  7:39  Factory Tech Lab  
  101  7:45  Terran Vehicle Weapons Level 2  
  101  7:50  Terran Vehicle And Ship Armor Level 2  
  101  7:59  Supply Depot  
  101  8:01  SCV  
  101  8:04  Supply Depot  
  102  8:05  Supply Depot  
  102  8:13  SCV  
  102  8:19  SCV  
  105  8:20  SCV  
  105  8:23  Siege Tank x3  
  105  8:24  Siege Tank  
  105  8:25  SCV  
  118  8:35  SCV x2  
  118  8:38  SCV  
  121  8:50  Factory, SCV  
  121  8:53  Command Center, Factory  
  122  9:05  Supply Depot  
  122  9:07  Supply Depot  
  122  9:11  Supply Depot, SCV x3  
  124  9:29  Supply Depot  
  124  9:35  Supply Depot  
  94  9:53  Factory Tech Lab  
  94  9:54  Factory Tech Lab  
  94  10:08  Terran Vehicle And Ship Armor Level 3, Terran Vehicle Weapons Level 3  
  94  10:13  Command Center, Siege Tank x2  
  94  10:14  Thor x3  
  106  10:15  Thor  
  106  10:17  Hellion x2  
  128  10:22  Infernal Pre-Igniter  
  128  10:24  SCV x2  
  128  10:25  SCV  
  131  10:36  SCV  
  136  10:43  Hellion x2  
  136  10:45  Thor  
  136  10:47  Thor  
  136  10:48  SCV  
  149  10:54  SCV  
  149  10:55  SCV  
  151  11:01  SCV  
  152  11:10  Siege Tank x3  
  161  11:13  SCV  
  162  11:27  Orbital Command, Refinery  
  162  11:37  Thor, Siege Tank  
  162  11:39  Siege Tank  
  174  11:41  Hellion  
  174  11:42  Hellion  
  174  11:43  Refinery  
  174  11:44  Command Center  
  178  12:04  Thor  
  184  12:14  Thor  
  190  12:28  Refinery  
  190  12:31  Thor  
  190  12:34  Siege Tank  
  199  12:38  SCV  
  199  12:41  Refinery  
  200  12:56  Orbital Command  
  181  14:45  Thor x3  
Show
View Real Time Build Order
Export as new Build Order

Febreezey Protoss 

Build Orders: Phoenix Opening 

Get SALT Encoding   

  12  0:01  Probe  
  13  0:13  Probe  
  14  0:20  Pylon  
  14  0:25  Probe  
  15  0:38  Probe  
  15  0:39  Gateway  
  16  0:50  Assimilator  
  16  0:51  Probe  
  17  0:57  Assimilator  
  17  1:07  Probe  
  18  1:16  Probe  
  18  1:24  Probe  
  20  1:33  Probe, Cybernetics Core  
  20  1:36  Pylon  
  21  1:47  Probe  
  22  2:00  Probe  
  23  2:05  Cybernetics Core  
  23  2:12  Probe  
  24  2:16  Stargate  
  24  2:20  Stargate  
  24  2:25  Probe  
  24  2:26  Pylon  
  25  2:47  Protoss Air Weapons Level 1  
  25  2:57  Nexus  
  25  3:00  Probe  
  25  3:03  Assimilator  
  26  3:07  Assimilator  
  26  3:12  Probe  
  27  3:24  Probe  
  28  3:30  Fleet Beacon  
  28  3:36  Probe  
  29  3:42  Phoenix  
  31  3:49  Probe  
  32  4:01  Probe  
  33  4:05  Phoenix  
  35  4:13  Probe  
  35  4:14  Anion Pulse-Crystals  
  36  4:18  Probe  
  37  4:25  Probe  
  37  4:30  Probe  
  39  4:32  Phoenix  
  39  4:37  Probe  
  42  4:42  Probe  
  43  4:48  Phoenix  
  43  4:49  Probe  
  46  4:54  Probe  
  47  5:01  Probe  
  47  5:06  Probe  
  49  5:12  Phoenix  
  49  5:13  Protoss Air Weapons Level 2, Probe  
  52  5:18  Pylon, Probe  
  53  5:30  Probe  
  53  5:33  Pylon x2  
  54  5:35  Pylon  
  54  5:36  Phoenix  
  54  5:39  Pylon  
  56  5:42  Probe  
  56  5:43  Phoenix  
  59  6:01  Phoenix  
  59  6:02  Pylon x2  
  61  6:05  Pylon  
  61  6:08  Phoenix  
  63  6:23  Phoenix  
  63  6:27  Phoenix  
  67  6:41  Phoenix  
  67  6:47  Phoenix  
  67  6:50  Pylon  
  67  6:51  Pylon  
  71  7:06  Phoenix  
  73  7:12  Phoenix  
  75  7:31  Phoenix  
  77  7:37  Phoenix  
  79  7:56  Phoenix  
  81  8:02  Phoenix  
  83  8:49  Phoenix x2  
  87  9:14  Phoenix x2  
  87  9:39  Tempest x2  
  93  10:22  Tempest x2  
  97  11:05  Tempest x2  
  107  11:29  Pylon  
  107  11:31  Protoss Air Weapons Level 3, Pylon  
  107  11:32  Pylon  
  107  11:33  Pylon x2  
  107  11:35  Pylon  
  107  11:37  Pylon x2  
  107  11:39  Pylon  
  107  11:40  Tempest  
  107  11:41  Tempest, Pylon  
  103  12:20  Tempest  
  103  12:21  Tempest  
  103  12:26  Nexus  
  103  12:28  Assimilator  
  113  12:33  Assimilator  
  113  13:02  Tempest x2  
  111  13:36  Tempest x2  
  115  14:21  Tempest x2  
  115  14:22  Protoss Air Armor Level 1  
  125  15:03  Tempest  
  125  15:04  Tempest  
  130  15:46  Tempest x2  
Show
View Real Time Build Order
Export as new Build Order

MrFercho Zerg 

Build Orders: Hatch First 

Get SALT Encoding   

  12  0:01  Drone  
  13  0:12  Overlord  
  13  0:17  Drone  
  14  0:30  Drone x2  
  16  0:54  Hatchery  
  15  0:58  Drone x2  
  15  1:03  Drone  
  18  1:14  Extractor  
  17  1:19  Spawning Pool  
  17  1:21  Drone  
  17  1:24  Drone  
  18  1:31  Drone  
  19  1:42  Drone  
  20  1:55  Overlord  
  20  2:05  Queen  
  20  2:06  Queen  
  20  2:07  Drone x2  
  26  2:16  Drone  
  26  2:17  Drone  
  28  2:24  Drone  
  28  2:29  Drone  
  30  2:38  Drone  
  31  2:48  Zergling x4  
  31  2:50  Metabolic Boost  
  33  2:53  Hatchery  
  33  2:57  Lair  
  32  3:00  Drone x2  
  34  3:06  Drone  
  34  3:09  Drone  
  36  3:17  Overlord  
  36  3:18  Overlord  
  36  3:30  Baneling Nest  
  36  3:31  Extractor  
  36  3:32  Extractor, Drone x3  
  36  3:49  Queen  
  36  3:55  Drone x10  
  48  4:06  Drone x3  
  51  4:20  Centrifical Hooks  
  51  4:31  Drone x7  
  58  4:33  Overlord  
  58  4:50  Evolution Chamber  
  57  4:57  Evolution Chamber, Drone x2  
  58  5:02  Hydralisk Den  
  58  5:05  Spine Crawler  
  56  5:09  Spore Crawler  
  56  5:10  Drone x3  
  56  5:12  Drone x4  
  62  5:17  Extractor  
  62  5:18  Zerg Melee Weapons Level 1  
  61  5:21  Overseer  
  61  5:47  Hatchery, Zerg Ground Armor Level 1  
  61  5:48  Hatchery  
  59  5:50  Zergling x8  
  59  5:51  Zergling x6  
  59  5:53  Overlord x4  
  59  5:55  Overlord  
  66  6:04  Pneumatized Carapace  
  66  6:08  Extractor, Drone  
  66  6:10  Extractor  
  65  6:14  Baneling x2  
  65  6:15  Baneling x2  
  65  6:22  Burrow  
  65  6:46  Overlord x3  
  65  6:47  Overlord x2  
  65  7:09  Hydralisk x19  
  65  7:10  Hydralisk  
  105  7:21  Muscular Augments  
  105  7:29  Spore Crawler  
  100  8:14  Overlord x15  
  94  8:32  Queen  
  96  8:39  Hydralisk x5  
  96  8:40  Hydralisk  
  98  8:52  Drone x3  
  81  9:39  Hydralisk x5  
  81  9:40  Hydralisk x4  
  82  9:55  Zerg Missile Weapons Level 1  
  82  9:56  Spire  
  65  10:22  Hydralisk x9  
  82  10:51  Drone x7, Spore Crawler  
  82  10:52  Spore Crawler  
  82  10:56  Spore Crawler  
  86  10:57  Queen  
  86  11:00  Drone x3  
  91  11:22  Drone x6  
  97  11:30  Zerg Flyer Armor Level 1  
  97  11:32  Corruptor  
  97  11:33  Corruptor  
  101  11:41  Corruptor x2  
  103  12:17  Corruptor  
  103  12:18  Corruptor x2  
  109  12:28  Drone x16  
  125  12:46  Overlord  
  125  12:47  Overlord x2  
  125  13:04  Queen  
  121  13:23  Corruptor x6  
  133  13:34  Infestation Pit  
  132  14:05  Lurker Den, Grooved Spines  
  60  14:43  Corruptor x4  
  60  14:44  Corruptor x6  
  57  15:13  Corruptor  
  57  15:14  Corruptor x3  
  57  15:15  Hydralisk  
  57  15:16  Hydralisk  
  26  15:51  Mutalisk  
  26  15:52  Mutalisk  
  26  15:55  Zergling x4  
  26  15:56  Zergling x10  
Show
View Real Time Build Order
Export as new Build Order

tigro Terran 

Build Orders: 2 Factory 

Get SALT Encoding   

  12  0:03  SCV  
  13  0:15  SCV  
  14  0:25  Supply Depot  
  14  0:27  SCV  
  15  0:46  SCV  
  16  0:56  Barracks  
  16  0:58  SCV  
  16  1:03  Refinery  
  17  1:10  Refinery  
  17  1:11  SCV  
  18  1:23  SCV  
  19  1:27  Supply Depot  
  19  1:35  SCV  
  20  1:46  Marine  
  21  1:47  SCV  
  22  1:59  SCV  
  23  2:04  Marine  
  23  2:07  Factory  
  24  2:11  SCV  
  25  2:22  Marine  
  26  2:33  Orbital Command  
  26  2:40  Marine  
  27  2:54  Factory, Factory Tech Lab  
  27  2:58  Marine  
  28  2:59  Command Center  
  28  3:15  Siege Tank  
  28  3:18  Barracks Tech Lab  
  31  3:39  Factory Tech Lab  
  31  3:42  Combat Shield, Armory  
  31  4:15  Refinery  
  31  4:30  Engineering Bay  
  31  4:35  SCV  
  32  4:47  SCV  
  32  4:49  Thor  
  32  4:51  Terran Vehicle Weapons Level 1  
  39  4:59  SCV  
  40  5:01  Stimpack  
  40  5:11  SCV  
  40  5:14  Refinery  
  41  5:23  SCV  
  41  5:27  Marine  
  43  5:42  Thor  
  43  5:45  Marine  
  50  5:50  SCV  
  51  6:02  SCV  
  51  6:03  Marine  
  53  6:11  Missile Turret  
  53  6:14  SCV  
  54  6:21  Marine  
  55  6:26  SCV  
  55  6:31  Missile Turret  
  56  6:38  Marine  
  56  6:39  SCV  
  58  6:46  Terran Vehicle And Ship Armor Level 1  
  58  7:01  Missile Turret  
  58  7:08  Supply Depot  
  58  7:30  Thor  
  58  7:31  Supply Depot  
  54  8:00  SCV  
  55  8:12  SCV  
  56  8:24  SCV  
  57  8:36  SCV  
  57  8:40  Terran Ship Weapons Level 1  
  59  8:48  SCV  
  59  8:49  Thor x2  
  71  9:32  Thor  
  71  9:37  Thor  
  55  9:59  Missile Turret  
  55  10:03  SCV  
  56  10:15  Thor, SCV  
  56  10:20  Thor  
  56  10:21  Missile Turret  
  69  10:27  SCV  
  70  10:39  SCV  
  70  10:42  Missile Turret  
  71  10:52  SCV  
  72  10:58  Thor  
  72  11:03  Terran Vehicle Weapons Level 2  
  72  11:04  Missile Turret  
  78  11:25  Supply Depot  
  78  11:33  Thor, SCV  
  85  11:45  SCV  
  85  11:46  Thor  
  92  11:57  SCV  
  93  12:02  Marine  
  93  12:06  Command Center, Terran Infantry Weapons Level 1  
  94  12:32  Supply Depot  
  94  12:53  Thor, Marine  
  94  12:54  SCV  
  94  12:55  Supply Depot  
  102  13:02  Thor  
  108  13:06  SCV  
  108  13:11  Marine  
  110  13:18  Terran Vehicle And Ship Armor Level 2  
  110  13:20  Missile Turret  
  110  13:29  Marine  
  107  13:36  Thor  
  107  13:41  Missile Turret  
  113  13:47  Marine, Refinery  
  107  14:00  Terran Infantry Armor Level 1  
  107  14:02  Missile Turret  
  58  14:03  Thor  
  58  14:09  Planetary Fortress  
  64  14:19  Thor  
  64  14:23  Missile Turret  
  70  14:26  Planetary Fortress  
  61  14:32  Refinery  
  55  14:46  Thor  
  61  15:02  Thor  
  46  15:25  Marine  
  47  15:29  Thor  
  40  15:42  Marine  
Tags
 
Add a new tag
Caveats
  • Supply blocks, unpowered buildings, or Contaminate may cause inaccurate times.
  • Supply counts are checked every 10 seconds.